 Dungeon Crawl Stone Soup version 0.25-a0-661-g55ea3d2053 (webtiles) character file.

Game seed: 5455571344966592323, levelgen mode: deterministic

540 Zahz7g the Cutter (level 7, 46/46 HPs)
             Began as a Human Enchanter on Mar 22, 2020.
             Quit the game on level 3 of the Dungeon on Mar 23, 2020.
             The game lasted 00:30:11 (4498 turns).

Zahz7g the Cutter (Human Enchanter)                 Turns: 4498, Time: 00:30:11

Health: 46/46      AC:  6    Str:  8    XL:     7   Next: 51%
Magic:  10/10      EV: 13    Int: 17    God:
Gold:   93         SH:  0    Dex: 16    Spells: 1/10 levels left

rFire    . . .     SeeInvis .   a - +2 dagger
rCold    . . .     Gourm    .   (no shield)
rNeg     . . .     Faith    .   b - +0 robe
rPois    .         Spirit   .   (helmet restricted)
rElec    .         Reflect  .   n - +0 cloak
rCorr    .         Harm     .   q - +2 pair of gloves
MR       .....     Clarity  +   (no boots)
Stlth    ++........             (no amulet)
HPRegen  0.15/turn              e - ring of wizardry
MPRegen  0.12/turn              (no ring)

@: no status effects
A: horns 1, agile 1, clarity, MP-powered wands
a: no special abilities


You were on level 3 of the Dungeon.
You were near starving.

You visited 1 branch of the dungeon, and saw 4 of its levels.
You also visited: Sewer.

You collected 93 gold pieces.

Inventory:

Hand Weapons
 a - a +2 dagger (weapon)
 f - a +0 short sword of freezing
 h - a cursed -3 hunting sling
Missiles
 p - 68 stones (quivered)
 t - 34 bolts
 u - 26 sling bullets
 w - 43 arrows
Armour
 b - a +0 robe (worn)
 n - a +0 cloak (worn)
 q - a +2 pair of gloves (worn)
Jewellery
 e - a ring of wizardry (left hand)
Wands
 i - a wand of enslavement (9)
Scrolls
 g - 4 scrolls of teleportation
 m - 2 scrolls of fear
 r - 2 scrolls of identify
 v - a scroll of remove curse {unknown}
Potions
 c - a potion of brilliance
 k - a potion of stabbing
Comestibles
 d - 3 rations


   Skills:
 - Level 6.3 Short Blades
 - Level 2.0 Dodging
 - Level 3.0 Stealth
 - Level 2.0 Spellcasting
 - Level 5.0 Hexes


You had one spell level left.
You knew the following spells:

 Your Spells              Type           Power        Failure   Level  Hunger
a - Corona                Hex            ###....      1%          1    #......
b - Ensorcelled Hibernat  Hex/Ice        ##....       4%          2    ###....
c - Confusing Touch       Hex            ###.....     3%          3    ###....
d - Tukima's Dance        Hex            ###.....     3%          3    ###....

Your spell library contained the following spells:

 Spells                   Type           Power        Failure   Level  Hunger
 Dazzling Flash           Conj/Hex       ##....       9%          3    ###....


Dungeon Overview and Level Annotations

Branches:
Dungeon (4/15)              Sewer (visited)
 Temple: D:4-7

Altars:
Vehumet

Annotations:
D:4 Grinder


Innate Abilities, Weirdness & Mutations

You have a pair of small horns on your head.
You are agile. (Dex +2)
You possess an exceptional clarity of mind.
You expend magic power (3 MP) to strengthen your wands.


Message History

* * * LOW HITPOINT WARNING * * *
You writhe in agony.
* * * LOW HITPOINT WARNING * * *
There is a stone staircase leading up here.
You climb upwards.
You are feeling very hungry.
There is a stone staircase leading down here.
You start resting.
Your extra speed is starting to run out.
You start resting.
You feel yourself slow down.
You start resting.
Magic restored.
You start resting.
You are near starving!
You start resting.
HP restored.
You start waiting.
Done waiting.
Are you sure you want to abandon this character and quit the game? (Confirm with "yes".)

#.#.###.##.##..........#
#....##.##.##.....^...##
###..##.##......###.###
#..##.#####...# #.#
#.............###.#
##.##.#####....##.# #.##.#
##.###.#.#
#.##.####[.####..#####
####)##....@...# #......####
#....#######..####.......).#
#.#####.......###...###.##.#
#.# #.####......### #....#
#.# #.# ##.#.#.# #..... #.#
#.# ##.#.#.#####....# #.#
#.####................ #.#
#...........#######..# #.#
############# #..#


There were no monsters in sight!

Vanquished Creatures
  3 big kobolds (Sewer)
  An orc priest (D:4)
  3 orc wizards
  Jessica (D:2)
  Natasha (D:2)
  A worker ant (D:4)
  4 adders
  2 river rats (Sewer)
  6 oozes (Sewer)
  An adder skeleton (D:3)
  3 worms
  A dart slug (D:1)
  2 leopard geckos (D:2)
  10 orcs
  3 hobgoblins
  4 kobolds
  A quokka (D:3)
  7 ball pythons
  4 bats
  7 frilled lizards
  5 goblins
  7 rats
77 creatures vanquished.

Vanquished Creatures (others)
  A dancing weapon (D:4)
1 creature vanquished.

Grand Total: 78 creatures vanquished

Notes
Turn   | Place    | Note
-------+----------+-------------------------------------------
     0 | D:1      | Zahz7g the Human Enchanter began the quest for the Orb.
     0 | D:1      | Reached XP level 1. HP: 13/13 MP: 3/3
   338 | D:1      | Reached skill level 2 in Short Blades
   338 | D:1      | Reached XP level 2. HP: 19/19 MP: 5/5
   342 | D:1      | Learned a level 2 spell: Ensorcelled Hibernation
   912 | D:2      | Noticed Natasha
   920 | D:2      | Killed Natasha
   920 | D:2      | Reached skill level 3 in Short Blades
   920 | D:2      | Reached XP level 3. HP: 24/24 MP: 6/6
   925 | D:2      | Learned a level 3 spell: Confusing Touch
  1077 | D:2      | Noticed Jessica
  1084 | D:2      | Killed Jessica
  1084 | D:2      | Reached XP level 4. HP: 27/30 MP: 0/7
  1203 | D:2      | Reached skill level 4 in Short Blades
  1340 | D:2      | You fall into a shaft and drop 2 floors!
  1445 | D:3      | Found a faded altar of an unknown god.
  1455 | D:3      | Reached XP level 5. HP: 35/35 MP: 3/8
  1556 | D:3      | Reached skill level 5 in Short Blades
  1618 | D:3      | Found a glowing drain.
  1629 | Sewer    | Entered a sewer
  1984 | Sewer    | Noticed a big kobold
  1992 | Sewer    | Killed a big kobold
  1992 | Sewer    | Reached XP level 6. HP: 40/41 MP: 6/9
  1997 | Sewer    | Learned a level 3 spell: Tukima's Dance
  2145 | Sewer    | Reached skill level 6 in Short Blades
  2900 | Sewer    | Reached XP level 7. HP: 37/46 MP: 6/10
  3114 | D:3      | Upgraded the game from 0.25-a0-651-g8c222c7a2b to
                  | 0.25-a0-661-g55ea3d2053
  3212 | D:3      | Found a radiant altar of Vehumet.
  4109 | D:4      | Noticed Grinder
  4116 | D:4      | Gained mutation: You possess an exceptional clarity of
                  | mind. [potion of mutation]
  4116 | D:4      | Gained mutation: You have a pair of small horns on your
                  | head. [potion of mutation]
  4116 | D:4      | Gained mutation: You expend magic power (3 MP) to
                  | strengthen your wands. [potion of mutation]
  4116 | D:4      | Gained mutation: You are agile. (Dex +2) [potion of
                  | mutation]
  4132 | D:3      | Reached skill level 5 in Hexes
  4498 | D:3      | Quit the game

Levels and vault maps discovered:
D:1:      heliophobic_arrival_ceremonial_halls, layout_loops_ring
D:2:      cheibrodos_greedy_goblins, layout_loops_ring, first_ration,
          chequers_mini_garden, uniq_natasha, uniq_jessica,
          uniq_crazy_yiuf_cottage
D:3:      layout_loops_ring, vehumet_crystals, cheibrodos_sewer_entry_drain,
          chequers_ecumenical_altar_simple
D:4:      layout_cave_pools, zin_angel, serial_column_ruins,
          column_ruins_hut_water, column_ruins_grid_4, column_ruins_open_tiny,
          column_ruins_open_large, column_ruins_open_tiny,
          column_ruins_columns_dead_end, kennysheep_generic_room_4, uniq_grinder

Skill      XL: |  1  2  3  4  5  6  7 |
---------------+----------------------+-----
Short Blades   | 2 3 4 5 6 |  6.3
Hexes          | 5 |  5.0
Dodging        | |  2.0
Stealth        | |  3.0
Spellcasting   | |  2.0

Action                   |  1- 3 |  4- 6 |  7- 9 || total
-------------------------+-------+-------+-------++-------
Melee: Dagger            |    37 |   145 |   132 ||   314
       Headbutt          |       |       |     1 ||     1
 Cast: Corona            |    12 |     9 |       ||    21
       Ensorcelled Hiber |     3 |    28 |    10 ||    41
       Confusing Touch   |     1 |     7 |     5 ||    13
       Tukima's Dance    |       |       |     3 ||     3
  Use: Scroll            |       |     9 |       ||     9
       Potion            |       |     1 |     4 ||     5
 Stab: Sleeping          |     4 |    14 |     4 ||    22
       Confused          |     1 |     6 |     5 ||    12
       Distracted        |       |     1 |       ||     1
  Eat: Chunk             |     1 |     8 |     3 ||    12
       Ration            |       |       |     1 ||     1
Armor: Robe              |     8 |    13 |    38 ||    59
Dodge: Dodged            |    26 |    76 |    71 ||   173

Table legend:
 A = Non-vault XP
 B = Vault XP
 C = Vault XP percentage of total XP
 D = Non-vault monster count
 E = Vault monster count
 F = Vault count percentage of total count
                 A         B        C        D         E       F
            +---------+---------+-------+---------+---------+-------
      Total |     289 |     483 |  62.6 |      45 |      32 |  41.6
            +---------+---------+-------+---------+---------+-------
        D:1 |      19 |       0 |   0.0 |      12 |       0 |   0.0
        D:2 |      10 |      73 |  88.0 |       4 |       2 |  33.3
        D:3 |     139 |       6 |   4.1 |      20 |       2 |   9.1
        D:4 |     121 |       0 |   0.0 |       9 |       0 |   0.0
      Sewer |       0 |     404 | 100.0 |       0 |      28 | 100.0
            +---------+---------+-------+---------+---------+-------
